Map: Cyber Forest LE

Players

Goku - Winner!

  • Race: Terran Terran
  • League: Silver
  • Spawn Location: 11:00

TiPtOP

  • Race: Terran Terran
  • League: Silver
  • Spawn Location: 5:00

VOD

Have the link to the VOD?

Description

Time

  • Played on: May 10, 2019, 3:52 a.m.
  • Length: 11:49
Show
View Real Time Build Order
Export as new Build Order

Goku Terran - Winner!

Build Orders:  

Get SALT Encoding   

  12  0:05  SCV  
  13  0:17  SCV  
  14  0:21  Supply Depot  
  14  0:31  Supply Depot  
  14  0:40  SCV  
  15  0:52  SCV  
  16  0:58  Barracks  
  16  1:04  SCV  
  16  1:10  Refinery  
  17  1:16  SCV  
  18  1:28  SCV  
  19  1:42  Engineering Bay  
  19  1:47  Marine  
  20  2:00  Command Center  
  20  2:05  Marine  
  21  2:09  SCV  
  22  2:33  Bunker, Marine  
  23  2:48  Orbital Command  
  23  2:51  Marine  
  24  3:08  Marine  
  25  3:13  Factory  
  25  3:15  Planetary Fortress  
  25  3:20  SCV  
  25  3:21  Refinery  
  25  3:26  Marine  
  27  3:33  SCV  
  28  3:36  Supply Depot  
  28  3:45  SCV  
  29  3:57  SCV  
  29  3:59  Missile Turret  
  30  4:04  Sensor Tower, Factory Tech Lab  
  30  4:15  Command Center  
  30  4:19  SCV  
  31  4:29  Siege Tank  
  34  4:31  SCV  
  35  4:40  Marine  
  35  4:43  SCV  
  37  4:55  SCV, Terran Infantry Weapons Level 1  
  37  4:58  Marine  
  37  4:59  SCV  
  40  5:07  SCV  
  40  5:11  SCV  
  42  5:16  Marine  
  42  5:19  SCV  
  44  5:23  Missile Turret, SCV  
  45  5:32  SCV  
  45  5:33  Marine  
  47  5:35  SCV  
  48  5:43  Bunker, Orbital Command  
  48  5:44  SCV  
  48  5:48  SCV  
  50  5:56  SCV  
  51  6:00  SCV  
  52  6:08  SCV  
  53  6:12  SCV  
  54  6:24  SCV  
  55  6:38  Siege Tank  
  58  7:08  Bunker  
  58  7:11  Siege Tank  
  61  7:26  Starport  
  61  7:29  Barracks  
  58  7:43  Siege Tank  
  50  8:52  Viking  
  51  9:13  Barracks  
  51  9:21  Fusion Core  
  51  9:22  Viking  
  51  9:23  Starport  
  53  9:25  Refinery  
  53  9:27  SCV  
  53  9:28  Refinery  
  54  9:39  SCV  
  55  9:52  Viking, Siege Tank, SCV  
  61  10:04  SCV  
  61  10:05  Barracks Reactor  
  62  10:16  SCV  
  63  10:22  Viking  
  63  10:25  Siege Tank  
  65  10:32  Bunker  
  65  10:52  Viking  
  65  10:54  Marine  
  66  11:12  Marine  
Show
View Real Time Build Order
Export as new Build Order

TiPtOP Terran 

Build Orders:  

Get SALT Encoding   

  12  0:01  SCV  
  13  0:13  SCV  
  14  0:20  Supply Depot  
  14  0:25  SCV  
  15  0:42  SCV  
  16  0:47  Barracks  
  16  0:54  SCV  
  17  1:06  SCV  
  17  1:09  Refinery  
  18  1:18  SCV  
  20  1:35  Orbital Command  
  20  1:38  Barracks  
  19  1:46  Supply Depot  
  19  2:08  SCV  
  20  2:09  Barracks Reactor  
  20  2:20  Barracks Reactor  
  20  2:21  SCV  
  21  2:33  SCV  
  22  2:43  Barracks, Barracks Tech Lab  
  22  2:46  SCV  
  23  2:58  SCV  
  24  3:00  Marine x2  
  24  3:03  Marine  
  27  3:14  SCV  
  27  3:35  Barracks Reactor  
  27  3:36  SCV  
  27  3:39  Marine x3  
  31  3:45  Factory  
  31  3:56  Supply Depot  
  31  3:58  Stimpack  
  31  4:04  Refinery, Supply Depot  
  31  4:11  Supply Depot  
  31  4:18  SCV, Marine x3, Marauder  
  37  4:30  SCV  
  38  4:36  Factory Tech Lab  
  38  4:44  Marine x3, Marauder  
  38  4:45  Marine  
  44  4:58  Siege Tank  
  47  5:02  Marine  
  47  5:05  Supply Depot  
  48  5:12  Engineering Bay  
  48  5:28  Supply Depot  
  47  6:00  Siege Tank  
  47  6:03  Combat Shield  
  50  6:11  Starport  
  50  6:15  Command Center  
  50  6:41  Liberator  
  50  7:17  Marine  
  50  7:18  Marine x4  
  55  7:35  Marine x2  
  55  7:36  Marine  
  58  7:47  Medivac  
  60  7:56  Starport  
  41  8:17  Medivac  
  40  8:21  Marine x5  
  42  8:38  Marine  
  43  8:49  Siege Tank  
  43  8:51  Marine x4  
  50  8:56  Marine  
  51  9:02  Supply Depot  
  51  9:03  Terran Infantry Weapons Level 1  
  51  9:08  Starport Tech Lab  
  51  9:09  Marine x2, Supply Depot  
  53  9:10  Starport Reactor  
  53  9:21  Siege Tank  
  53  9:22  Marine x2  
  53  9:23  Marine  
  59  9:27  Marine x2  
  58  9:54  Marine x5  
  30  11:03  Missile Turret  
  30  11:07  Marine x4  
  30  11:08  Marine  
  30  11:10  Sensor Tower  
  35  11:15  Siege Tank  
  37  11:21  Factory  
  37  11:25  Marine x4  
Tags
 
Add a new tag
Caveats
  • Supply blocks, unpowered buildings, or Contaminate may cause inaccurate times.
  • Supply counts are checked every 10 seconds.